AoeStats
← eugene

Arabia

511073422Analyzed
4v4 RM · 4h ago on Oct 3, 2026· 46m 14s· 8 players
Game mode
Random Map
Map size
Large (8 player)
Population
200
Speed
Normal
Resources
Standard
Victory
Conquest
Starting age
Dark Age
Ending age
Imperial Age
RankedLock teamsTeams togetherTeam positionsShared explorationLock speedFull tech treeHidden civsTurbo modeCheats
Victory
Defeat
🇪🇸 Sicilians · Spain
1159
+12
🇪🇸 Mongols · Spain
1115
+14
🇪🇸 Vietnamese · Spain
1112
+14
🇪🇸 Huns · Spain
1062
+15
🇬🇪 Italians · Georgia
1115
-16
🇨🇾 Jurchens · Cyprus
1098
-15
🇩🇪 Slavs · Germany
1028
-12
🇺🇦 Bengalis · Ukraine
1026
-12
krakerIV
5:04 Loom
10:39 Feudal Age
11:24 Double-Bit Axe
16:33 Fletching
16:44 Scale Mail Armor
17:02 Gold Mining
18:58 Forging
27:24 Castle Age
25:07 Horse Collar
32:44 Wheelbarrow
32:06 Stone Mining
33:29 Bow Saw
34:01 Heavy Plow
33:51 Pikeman
34:03 Pikeman
38:44 Imperial Age
38:01 Town Watch
39:36 Ballistics
39:13 Murder Holes
40:13 Hand Cart
41:56 Halberdier
43:33 Chain Mail Armor
43:54 Iron Casting
43:44 Conscription
45:26 Gold Shaft Mining
45:28 First Crusade
46:11 Plate Mail Armor
47:40 Chemistry
46:50 Masonry
joan_march
9:11 Loom
10:57 Feudal Age
9:19 Loom
11:09 Feudal Age
15:28 Castle Age
13:24 Double-Bit Axe
16:58 Bloodlines
18:07 Scale Barding Armor
23:34 Horse Collar
24:52 Town Watch
27:48 Heavy Plow
29:23 Wheelbarrow
29:47 Chain Barding Armor
30:29 Husbandry
31:10 Bow Saw
32:21 Hand Cart
33:39 Town Patrol
34:39 Forging
37:22 Fletching
37:32 Padded Archer Armor
41:59 Imperial Age
40:54 Stone Mining
40:54 Gold Mining
41:30 Bodkin Arrow
42:46 Bracer
43:38 Gold Shaft Mining
43:28 Conscription
44:21 Ballistics
45:01 Chemistry
44:43 Elite Mangudai
Guifré el Pelut
12:20 Feudal Age
12:36 Loom
13:23 Man-at-Arms
14:23 Scale Mail Armor
18:14 Gold Mining
21:10 Castle Age
19:34 Double-Bit Axe
20:46 Fletching
20:57 Padded Archer Armor
23:04 Forging
26:35 Leather Archer Armor
27:45 Elite Skirmisher
29:20 Horse Collar
32:56 Wheelbarrow
35:56 Bodkin Arrow
38:46 Bow Saw
39:14 Iron Casting
38:55 Chain Mail Armor
38:48 Heavy Plow
40:00 Hand Cart
40:11 Squires
42:17 Stone Mining
45:54 Imperial Age
45:22 Stone Shaft Mining
sergidpablo
10:37 Feudal Age
10:45 Feudal Age
11:26 Double-Bit Axe
11:30 Horse Collar
15:19 Loom
17:58 Castle Age
16:30 Stone Mining
16:39 Gold Mining
17:35 Scale Barding Armor
18:14 Forging
18:49 Bloodlines
27:38 Husbandry
28:01 Chain Barding Armor
29:18 Gold Shaft Mining
30:01 Iron Casting
31:05 Marauders
34:45 Imperial Age
33:09 Wheelbarrow
33:05 Fletching
34:28 Bodkin Arrow
35:03 Hand Cart
34:58 Cavalier
38:33 Conscription
38:09 Elite Tarkan
39:07 Heavy Plow
39:21 Bow Saw
40:42 Blast Furnace
41:06 Two-Man Saw
41:12 Plate Barding Armor
43:11 Paladin
Subutai ,,the Valiant"
7:03 Loom
9:18 Feudal Age
9:53 Double-Bit Axe
10:20 Horse Collar
20:00 Castle Age
18:25 Padded Archer Armor
21:13 Gold Mining
22:07 Scale Mail Armor
27:11 Wheelbarrow
26:54 Leather Archer Armor
32:57 Chain Mail Armor
33:52 Hand Cart
36:33 Squires
36:46 Forging
41:13 Imperial Age
40:20 Town Watch
40:55 Bow Saw
42:24 Ring Archer Armor
42:14 Siege Engineers
43:16 Thunderclap Bombs
43:25 Gambesons
44:20 Conscription
45:02 Iron Casting
veinbound
6:42 Loom
9:59 Feudal Age
11:36 Double-Bit Axe
12:38 Wheelbarrow
21:23 Castle Age
20:14 Fletching
20:26 Padded Archer Armor
21:11 Horse Collar
21:42 Stone Mining
21:45 Crossbowman
22:31 Bodkin Arrow
22:46 Gold Mining
26:32 Gold Shaft Mining
28:36 Ballistics
29:10 Fortified Wall
31:37 Heavy Plow
35:36 Pikeman
36:19 Scale Mail Armor
36:30 Forging
37:09 Leather Archer Armor
41:03 Imperial Age
43:28 Bow Saw
43:51 Crop Rotation
43:41 Chain Mail Armor
43:59 Ring Archer Armor
43:54 Arbalester
eugene
7:10 Loom
9:16 Feudal Age
9:51 Double-Bit Axe
14:06 Fletching
23:39 Castle Age
41:25 Bow Saw
43:49 Bodkin Arrow
43:55 Padded Archer Armor
44:59 Ballistics
lazar_kvazar
7:20 Loom
10:10 Feudal Age
16:46 Double-Bit Axe
20:34 Castle Age
19:12 Scale Barding Armor
19:18 Forging
19:36 Bloodlines
22:15 Husbandry
25:53 Wheelbarrow
26:55 Chain Barding Armor
27:11 Iron Casting
30:15 Bow Saw
32:13 Pikeman
33:08 Scale Mail Armor
34:27 Hand Cart
36:20 Detinets
40:03 Chain Mail Armor
46:35 Imperial Age
Connection lost

Rejoining the realm…

Still unreachable

The connection could not be restored.

Session expired

The server has moved on; the page needs a fresh start.